 Dungeon Crawl Stone Soup version 0.29.0-3-gbb0933ed62 (webtiles) character file.

Game seed: 16857844472794088959

1823 buriedalive the Destroyer (level 8, -1/48 HPs)
             Began as a Deep Elf Conjurer on Aug 25, 2022.
             Shot with an arrow by a centaur (7 damage)
             ... on level 6 of the Dungeon.
             The game lasted 00:21:25 (10254 turns).

buriedalive the Destroyer (Deep Elf Conjurer)      Turns: 10254, Time: 00:21:25

Health: -1/48      AC:  9    Str:  4    XL:     8   Next: 85%
Magic:  7/16       EV: 14    Int: 24    God:
Gold:   275        SH:  0    Dex: 13    Spells: 8/15 levels left

rFire   + . .      SeeInvis .   l - +3 rapier (protect)
rCold   + . .      Faith    .   (no shield)
rNeg    . . .      Spirit   .   f - +0 leather armour {rF+}
rPois   .          Reflect  .   n - +0 helmet
rElec   .          Harm     .   i - +1 cloak
rCorr   .          Rampage  .   z - +0 pair of gloves
Will    .....                   e - +1 pair of boots
Stlth   ++........              (no amulet)
HPRegen 0.16/turn               (no ring)
MPRegen 0.15/turn               (no ring)

@: no status effects
A: cold resistance 1, dopey 1
a: no special abilities


You were on level 6 of the Dungeon.
You visited 1 branch of the dungeon, and saw 6 of its levels.
You also visited: Sewer.

You collected 275 gold pieces.

Inventory:

Hand Weapons
 l - a +3 rapier of protection (weapon)
 p - the +6 sling "Vieby" {vorpal, Dex+4}
   (You found it on level 3 of the Dungeon)

   Any ammunition fired from it inflicts extra damage upon your enemies.
   Dex:       It affects your dexterity (+4).
Missiles
 d - 53 stones
 h - 6 poisoned darts
Armour
 e - a +1 pair of boots (worn)
 f - a +0 leather armour of fire resistance (worn)
 i - a +1 cloak (worn)
 n - a +0 helmet (worn)
 z - a +0 pair of gloves (worn)
Wands
 o - a wand of digging (3)
Scrolls
 c - a scroll of fog
 m - 4 scrolls of teleportation
 r - 3 scrolls of fear
 u - a scroll of poison
 w - a scroll of blinking
Potions
 a - a potion of attraction
 b - a potion of magic
 g - 2 potions of curing
 j - a potion of heal wounds
 k - 2 potions of invisibility {unknown}
 q - a potion of mutation
 s - a potion of berserk rage {unknown}


   Skills:
 + Level 3.8 Fighting
 - Level 8.0 Dodging
 - Level 2.4 Stealth
 - Level 4.2 Spellcasting
 - Level 8.0 Conjurations
 + Level 6.3 Hexes


You had 8 spell levels left.
You knew the following spells:

 Your Spells              Type           Power      Damage    Failure   Level
a - Magic Dart            Conj           100%       1d8       1%          1
b - Searing Ray           Conj           86%        2d7       1%          2
c - Fulminant Prism       Conj/Hex       19%        3d11      9%          4

Your spell library contained the following spells:

 Spells                   Type           Power      Damage    Failure   Level
 Dazzling Flash           Conj/Hex       78%        N/A       2%          3
 Portal Projectile        Hex/Tloc       40%        N/A       14%         3
 Iskenderun's Mystic Bla  Conj/Tloc      24%        2d7       32%         4
 Leda's Liquefaction      Hex/Erth       10%        N/A       43%         4
 Call Canine Familiar     Summ           5%         N/A       45%         3


Dungeon Overview and Level Annotations

Branches:
Dungeon (6/15)             Temple (0/1) D:5           Sewer (visited)

Altars:
Zin

Shops:
D:4 (*

Annotations:
D:2 Robin
D:4 3 runed translucent doors, Fractals's ghost, novice GnHu
D:5 5 runed translucent doors


Innate Abilities, Weirdness & Mutations

Your flesh is cold resistant. (rC+)
You are dopey. (Int -2)


Message History

You hear a shout!
Casting: Fulminant Prism (dangerous; 9% risk of failure)
Confirm with . or Enter, or press ? or * to list all spells.
Aiming: Fulminant Prism (dangerous; 9% risk of failure)
Press: ? - help, Dir - move target You conjure a prism of explosive energy!
The centaur shouts! x2
A fulminant prism comes into view.
The centaur shoots an arrow.
The arrow hits your fulminant prism!
Your fulminant prism detonates feebly.
The centaur shoots an arrow.
The arrow barely misses you.
The centaur wields a +0 shortbow.
The centaur shoots an arrow.
The arrow misses you.
You hear a shout!
The centaur shoots an arrow.
The arrow hits you.
A centaur comes into view.
The centaur shoots an arrow.
The arrow misses you.
The centaur shoots an arrow.
The arrow hits you but does no damage.
The centaur shoots an arrow.
The arrow hits you.
A centaur comes into view.
The centaur shoots an arrow.
The arrow hits you but does no damage.
The centaur shoots an arrow.
The arrow hits you.
The centaur wields a +0 shortbow.
The centaur shoots an arrow.
The arrow barely misses you.
The centaur shoots an arrow.
The arrow hits you.
The centaur shoots an arrow.
The arrow closely misses you.
The centaur shoots an arrow.
The arrow hits you.
The centaur shoots an arrow.
The arrow closely misses you.
The centaur shoots an arrow.
The arrow barely misses you.
The centaur shoots an arrow.
The arrow hits you.
The centaur wields a +0 shortbow.
The centaur shoots an arrow.
The arrow hits you!
The centaur shouts!
The centaur shoots an arrow.
The arrow closely misses you.
The centaur shoots an arrow.
The arrow hits you.
* * * LOW HITPOINT WARNING * * *
The centaur shoots an arrow.
The arrow hits you but does no damage.
The centaur shoots an arrow.
The arrow hits you!
* * * LOW HITPOINT WARNING * * *
The centaur shoots an arrow.
The arrow hits you!
You die...

####### ##...@.#
#≈≈≈≈#.#####
≈≈≈≈≈≈≈≈.....######
≈≈≈≈≈≈≈≈≈≈≈≈......#
≈≈≈≈≈≈≈≈≈≈≈≈≈≈≈##.#
≈.c≈≈≈≈≈≈≈≈≈≈≈≈≈#.# ####
..c.c≈≈≈≈≈≈≈≈≈≈≈#.# #...
....cc≈≈≈≈≈≈≈≈≈≈#.###)##
#'#.c≈≈≈≈≈≈≈≈≈≈#..#...#


You could see 5 centaurs.

Vanquished Creatures
  An acid dragon (D:6)
  A sky beast (D:6)
  2 ice beasts (D:6)
  4 ogres
  A black bear (D:3)
  2 bullfrogs (Sewer)
  A scorpion (D:5)
  5 hounds
  3 orc priests
  Crazy Yiuf (D:2)
  Natasha (thrice) (D:2)
  Terence (D:3)
  An iguana (D:6)
  4 orc wizards
  14 adders
  A white imp (D:5)
  3 ufetubi
  3 worms
  3 dart slugs
  24 orcs
  8 bats
  7 endoplasms
  12 giant cockroaches
  9 goblins
  12 hobgoblins
  10 jackals
  14 quokkas
  13 ball pythons
  6 frilled lizards
  A goblin zombie (D:4)
  9 kobolds
  7 rats
  A rat zombie (D:4)
187 creatures vanquished.

Vanquished Creatures (others)
  2 fulminant prisms (D:6)
  A fungus (D:2)
  5 plants (D:6)
8 creatures vanquished.

Grand Total: 195 creatures vanquished

Notes
Turn   | Place    | Note
-------+----------+-------------------------------------------
     0 | D:1      | buriedalive the Deep Elf Conjurer began the quest for the
                  | Orb.
     0 | D:1      | Reached XP level 1. HP: 10/10 MP: 6/6
   421 | D:1      | Reached XP level 2. HP: 15/15 MP: 4/8
   729 | D:1      | Learned a level 2 spell: Searing Ray
  1000 | D:1      | Found a faded altar of an unknown god.
  1255 | D:1      | Reached XP level 3. HP: 19/19 MP: 7/10
  1783 | D:3      | Reached skill level 5 in Conjurations
  1924 | D:3      | Reached XP level 4. HP: 21/24 MP: 7/12
  1963 | D:3      | Learned a level 4 spell: Fulminant Prism
  2324 | D:3      | Reached XP level 5. HP: 28/28 MP: 10/13
  2644 | D:2      | Noticed Natasha
  2672 | D:2      | Killed Natasha
  3002 | D:2      | Reached skill level 5 in Dodging
  3032 | D:2      | Noticed Natasha
  3062 | D:2      | Killed Natasha
  3129 | D:2      | Reached XP level 6. HP: 32/32 MP: 0/14
  3284 | D:2      | Noticed Natasha
  3314 | D:2      | Killed Natasha
  3519 | D:2      | Noticed Robin
  4133 | D:2      | Found a runed translucent door.
  4134 | D:2      | Noticed Crazy Yiuf
  4140 | D:2      | Killed Crazy Yiuf
  4484 | D:3      | Noticed Terence
  4491 | D:3      | Killed Terence
  4929 | D:3      | Found a glowing silver altar of Zin.
  4929 | D:3      | Noticed an angel
  5211 | D:3      | Identified the +6 sling "Vieby" {vorpal, Dex+4}
  5651 | D:4      | Noticed Fractals's ghost (novice GnHu)
  5651 | D:4      | Found a runed translucent gate.
  5651 | D:4      | Found a runed translucent gate.
  5651 | D:4      | Found a runed translucent gate.
  5748 | D:4      | Reached XP level 7. HP: 16/36 MP: 11/15
  6886 | D:4      | Found Kajuann's Assorted Antiques.
  6956 | D:4      | Found Idufreuc's Weapon Shop.
  7110 | D:5      | Entered Level 5 of the Dungeon
  7612 | D:5      | Found a staircase to the Ecumenical Temple.
  7612 | D:5      | Found a glowing drain.
  7626 | Sewer    | Entered a sewer
  7733 | Sewer    | Reached skill level 1 in Hexes
  7804 | Sewer    | Reached XP level 8. HP: 42/42 MP: 9/16
  8081 | Sewer    | Reached skill level 1 in Fighting
  8843 | D:5      | Found a runed translucent door.
  8857 | D:5      | Found a runed translucent gate.
  8859 | D:5      | Found a runed translucent gate.
  8859 | D:5      | Found a runed translucent gate.
  8869 | D:5      | Found a runed translucent door.
  8903 | D:5      | Found the +9 staff of Olgreb {rPois∞}
  9727 | D:6      | Reached skill level 5 in Hexes
 10114 | D:6      | Gained mutation: You are dopey. (Int -2) [potion of
                  | mutation]
 10114 | D:6      | Gained mutation: Your flesh is cold resistant. (rC+)
                  | [potion of mutation]
 10187 | D:6      | Upgraded the game from 0.29.0 to 0.29.0-3-gbb0933ed62
 10254 | D:6      | Shot with an arrow by a centaur

Illustrated notes

Levels and vault maps discovered:
D:1:      dpeg_arrival_water_temple_mockup, layout_loops_ring,
          shapermc_ecumenical_altar_flowoftime
D:2:      layout_loops_ring, minmay_misc_feat_five, minmay_small_reverse_x,
          uniq_crazy_yiuf_cottage, uniq_natasha, uniq_robin
D:3:      layout_basic, zin_angel, minmay_randomly_rotated_circles, uniq_terence
D:4:      layout_gridville, serial_shops, nicolae_shop_bloodbath_and_beyond,
          shop, ebering_ghost_rock_garden, enter_ossuary_4
D:5:      layout_basic, minmay_temple_entry_butterflies,
          cheibrodos_sewer_entry_drain, minmay_guarded_unrand_staff_of_olgreb
D:6:      layout_gridville, serial_shops, nicolae_shop_behind_doors, shop,
          serial_bayou_ford_a, minmay_tree_intersection, centaur_isle

Skill      XL: |  1  2  3  4  5  6  7  8 |
---------------+-------------------------+-----
Dodging        | 3 4 5 6 7 8 |  8.0
Spellcasting   | 4 |  4.2
Conjurations   | 5 6 7 8 |  8.0
Hexes          | 1 6 |  6.3
Fighting       | 3 |  3.8
Stealth        | |  2.4

Action                   |  1- 3 |  4- 6 |  7- 9 || total
-------------------------+-------+-------+-------++-------
Melee: Dagger            |    16 |       |       ||    16
       Rapier            |       |    10 |     3 ||    13
 Cast: Magic Dart        |    36 |    37 |    80 ||   153
       Searing Ray       |    13 |    40 |    40 ||    93
       Fulminant Prism   |       |       |     2 ||     2
  Use: Scroll            |       |     7 |    10 ||    17
       Potion            |       |       |     2 ||     2
 Stab: Sleeping          |     3 |       |       ||     3
Armor: Robe              |     3 |       |       ||     3
       Leather armour    |     5 |     1 |    21 ||    27
       Skin              |       |     1 |       ||     1
Dodge: Dodged            |    23 |    17 |    56 ||    96
